 Dungeon Crawl Stone Soup version 0.18.1-8-gdd0e5ea (webtiles) character file.

221 matakusis the Sneak (level 5, -1/52 HPs)
             Began as a Vampire Enchanter on June 5, 2016.
             Killed from afar by an orc wizard (12 damage)
             ... with a puff of flame
             ... on level 4 of the Dungeon.
             The game lasted 00:17:51 (5296 turns).

matakusis the Sneak (Vampire Enchanter)             Turns: 5296, Time: 00:17:52

Health: -1/52      AC:  4    Str: 10 (12) XL:     5   Next: 65%
Magic:  1/9        EV: 13    Int: 16 (17) God:
Gold:   214        SH:  3    Dex: 15 (16) Spells: 4 memorised, 0 levels left

rFire  . . .     SeeInvis +     a - +1 dagger
rCold  . . .     Gourm    .     b - +2 robe
rNeg   + . .     Faith    .     (no shield)
rPois  .         Spirit   .     (no helmet)
rElec  .         Dismiss  .     (no cloak)
rCorr  .         Reflect  +     (no gloves)
SustAt .         Harm     .     (no boots)
MR     .....                    j - +3 amulet of reflection
Stlth  ..........               (no ring)
                                m - ring of positive energy

@: berserking, regenerating quickly, drained, very quick, not resistant to
hostile enchantments, extremely unstealthy
A: fangs 3, see invisible, unbreathing
a: no special abilities


You were on level 4 of the Dungeon.
You were full.

You visited 1 branch of the dungeon, and saw 4 of its levels.

You collected 214 gold pieces.

Inventory:

Hand Weapons
 a - a +1 dagger (weapon)
Missiles
 k - 63 stones (quivered)
Armour
 b - a +2 robe (worn)
Jewellery
 j - a +3 amulet of reflection (around neck)
 m - a ring of positive energy (left hand)
 p - an uncursed amulet of harm
Wands
 r - a wand of slowing (23/48)
Scrolls
 e - 3 scrolls of recharging {unknown}
 g - a scroll of remove curse
 h - a scroll of fog
 n - 2 scrolls of identify {unknown}
Potions
 d - 15 potions of blood
 f - a potion of flight
Books
 c - a book of Maledictions

   Spells                             Type                      Level
   a - Corona                         Hexes                        1
   b - Ensorcelled Hibernation        Hexes/Ice                    2
   c - Confuse                        Hexes                        3
   d - Tukima's Dance                 Hexes                        3
   e - Dazzling Spray                 Conjuration/Hexes            3


   Skills:
 + Level 1.8(1.2) Short Blades
 + Level 3.3(2.7) Dodging
 * Level 6.6(5.9) Stealth
 - Level 3.0(2.4) Spellcasting
 + Level 6.0(5.4) Hexes


You couldn't memorise any spells.
You knew the following spells:

 Your Spells              Type           Power        Failure   Level  Hunger
a - Corona                Hex            ###....      1%          1    #......
b - Confuse               Hex            ###.....     8%          3    ###....
c - Tukima's Dance        Hex            ###.....     8%          3    ###....
d - Dazzling Spray        Conj/Hex       ##......     21%         3    ###....


Dungeon Overview and Level Annotations

Branches:
Dungeon (4/15)
 Temple: D:4-7

Altars:
Cheibriados
Fedhas
Pakellas
Ru


Innate Abilities, Weirdness & Mutations

Your natural rate of healing is unusually fast.
You have razor-sharp teeth.
You have supernaturally acute eyesight.
You can survive without breathing.


Message History

Okay, then.
Drop what? 15/52 slots (_ for help) (? for menu, Esc to quit)
Okay, then.
Drink which item? (? for menu, Esc to quit)
Yummy - fresh blood!
The orc wizard hits you with a dagger.
* * * LOW HITPOINT WARNING * * *
Drink which item? (? for menu, Esc to quit)
A red film seems to cover your vision as you go berserk!
You feel yourself moving faster!
You feel mighty!
The orc wizard hits you but does no damage.
You closely miss the orc wizard. You bite the orc wizard.
The orc wizard is heavily wounded.
You block the orc wizard's attack.
You barely miss the orc wizard.
The orc wizard is heavily wounded.
You puncture the orc wizard! Your bite misses the orc wizard.
The orc wizard is almost dead.
The orc wizard casts a spell at you. The puff of flame hits you!
You die...

#.##.# #.##.# .....# #+#
#.#### #.# ...# ######.#
...###......##
.....#.###...#####
...........o.....# .##
.....#..........@####.o.o.
...###......##...o..)...#
...# #.....##############
#### #######


You could see an orc priest (confused) and an orc wizard (invisible).

Vanquished Creatures
  A hound (D:3)
  An orc wizard (D:3)
  A gnoll (D:3)
  5 adders
  An ooze (D:2)
  A worm (D:3)
  2 dart slugs
  3 giant geckos
  10 orcs
  3 giant cockroaches (D:1)
  13 goblins
  9 hobgoblins
  5 jackals
  11 kobolds
  3 quokkas (D:3)
  5 bats
  2 giant newts
  8 rats
84 creatures vanquished.

Vanquished Creatures (collateral kills)
  2 orcs (D:3)
  A goblin (D:3)
3 creatures vanquished.

Vanquished Creatures (others)
  A yak (D:3)
  3 dancing weapons
4 creatures vanquished.

Grand Total: 91 creatures vanquished

Notes
Turn   | Place    | Note
--------------------------------------------------------------
     0 | D:1      | matakusis the Vampire Enchanter began the quest for the Orb.
     0 | D:1      | Reached XP level 1. HP: 13/13 MP: 3/3
   416 | D:1      | Reached XP level 2. HP: 19/19 MP: 3/5
   543 | D:1      | Reached skill level 5 in Stealth
   935 | D:1      | Reached skill level 5 in Hexes
   935 | D:1      | Reached XP level 3. HP: 13/24 MP: 6/6
  1163 | D:1      | Learned a level 3 spell: Confuse
  1932 | D:2      | Found a blossoming altar of Fedhas.
  2827 | D:2      | Reached XP level 4. HP: 30/30 MP: 7/7
  2832 | D:2      | Learned a level 3 spell: Tukima's Dance
  3988 | D:3      | Found a snail-covered altar of Cheibriados.
  3994 | D:3      | Reached XP level 5. HP: 34/35 MP: 9/9
  4123 | D:3      | Learned a level 3 spell: Dazzling Spray
  4178 | D:3      | Found an oddly glowing altar of Pakellas.
  4178 | D:3      | Noticed an orange crystal statue
  4179 | D:3      | Noticed a yak
  4203 | D:3      | Killed a yak
  4457 | D:3      | Found a sacrificial altar of Ru.
  5296 | D:4      | Killed from afar by an orc wizard

Skill      XL: |  1  2  3  4  5 |
---------------+----------------+-----
Stealth        | 5 6 |  6.6
Hexes          | 5 6 |  6.0
Spellcasting   | 3 |  3.0
Dodging        | 3 |  3.3
Short Blades   | |  1.8

Action                   |  1- 3 |  4- 6 || total
-------------------------+-------+-------++-------
Melee: Dagger            |   133 |   230 ||   363
       Bite              |     6 |    21 ||    27
 Cast: Corona            |    21 |       ||    21
       Confuse           |    15 |    26 ||    41
       Tukima's Dance    |       |     9 ||     9
       Dazzling Spray    |       |     2 ||     2
  Use: Potion            |     5 |    22 ||    27
       Scroll            |       |     5 ||     5
 Stab: Sleeping          |     7 |    11 ||    18
       Confused          |     7 |     7 ||    14
Armor: Robe              |    19 |    40 ||    59
Dodge: Dodged            |    74 |   128 ||   202
Block: Other             |       |    22 ||    22
       Reflection        |       |     1 ||     1
